 Dungeon Crawl Stone Soup version 0.31.0-12-g77e489cdc1 (webtiles) character file.

Game seed: 13842155708200077367

2739 luckylaki the Spear-Bearer (level 9, -2/76 (78) HPs)
             Began as a Minotaur Fighter on Feb 12, 2024.
             Was an Initiate of Makhleb.
             Slain by a wight
             ... wielding a +0 flail
              (6 damage)
             ... on level 7 of the Dungeon on Feb 13, 2024.
             The game lasted 00:59:39 (7816 turns).

luckylaki the Spear-Bearer (Minotaur Fighter)       Turns: 7816, Time: 00:59:41

HP:   -2/76 (78)    AC: 15    Str: 25    XL:     9   Next: 40%
MP:   8/8           EV:  7    Int:  5    God:    Makhleb [......]
Gold: 307           SH: 10    Dex: 10    Spells: 8/8 levels left

rFire   . . .        L - +4 flail (freeze)
rCold   . . .        c - +0 buckler
rNeg    . . .        h - +0 plate armour
rPois   .            (helmet restricted)
rElec   .            (no cloak)
rCorr   .            (no gloves)
SInv    .            H - +0 pair of boots
Will    .....        C - amulet of reflection Stlth
                     (no ring)
HPRegen 0.32/turn    (no ring)
MPRegen 0.11/turn

%: reflection
@: lightly drained
A: horns 2, retaliatory headbutt
a: Renounce Religion


You were on level 7 of the Dungeon.
You worshipped Makhleb.
Makhleb was noncommittal.
You visited 2 branches of the dungeon, and saw 8 of its levels.

You collected 307 gold pieces.

Inventory:

Hand Weapons
 a - a +0 trident
 b - a +1 whip of draining
 s - a +0 orcbow
 w - a +0 quarterstaff
 I - a +0 glaive
 K - a +3 scimitar
 L - a +4 flail of freezing (weapon)
 M - a +4 great sword
Missiles
 e - 4 boomerangs (quivered)
 g - 89 stones
 n - 3 javelins
 p - 4 datura-tipped darts
 q - 5 large rocks
 E - 13 poisoned darts
Armour
 c - a +0 buckler (worn)
 f - a +0 chain mail
 h - a +0 plate armour (worn)
 k - a +0 helmet
 D - an orb of guile
 G - a +2 ring mail of fire resistance
 H - a +0 pair of boots (worn)
Jewellery
 C - an amulet of reflection (around neck)
 O - a ring of resist corrosion
Talismans
 d - a flux talisman
Wands
 P - a wand of flame (8)
Scrolls
 j - 2 scrolls of poison {unknown}
 l - 5 scrolls of identify {unknown}
 m - a scroll of revelation {unknown}
 r - 3 scrolls of teleportation {unknown}
 t - 3 scrolls of noise {unknown}
 x - 2 scrolls of vulnerability {unknown}
 y - 2 scrolls of blinking {unknown}
 F - 2 scrolls of fear {unknown}
 J - a scroll of immolation {unknown}
 N - a scroll of amnesia {unknown}
Potions
 i - 2 potions of heal wounds {unknown}
 o - 5 potions of resistance {unknown}
 u - a potion of mutation {unknown}
 v - a potion of brilliance {unknown}
 z - 3 potions of ambrosia {unknown}
 A - a potion of degeneration {unknown}
 B - a potion of haste {unknown}


   Skills:
 + Level 6.7 Fighting
 + Level 3.9 Maces & Flails
 + Level 9.1 Polearms
 + Level 8.7 Armour
 + Level 1.3 Dodging
 + Level 2.0 Stealth
 + Level 7.2 Shields


You had 8 spell levels left.
You didn't know any spells.
Your spell library contained the following spells:

 Spells                   Type           Power      Damage    Failure   Level
 Tukima's Dance           Hex            0%         N/A       100%        3
 Animate Dead             Necr           0%         N/A       100%        4
 Dimensional Bullseye     Hex/Tloc       0%         N/A       100%        4
 Iskenderun's Mystic Bla  Conj/Tloc      0%         2d3       100%        4
 Haunt                    Necr/Summ      0%         N/A       100%        7
 Infestation              Necr           0%         N/A       100%        8


Dungeon Overview and Level Annotations

Branches:
Dungeon (7/15)             Temple (1/1) D:7

Altars:
Ashenzari
Cheibriados
Dithmenos
Elyvilon
Fedhas
Gozag
Hepliaklqana
Makhleb
Okawaru
Qazlal
Ru
Sif Muna
Trog
Uskayaw
Wu Jian
Xom
Yredelemnul
Zin
The Shining One

Annotations:
D:7 Joseph


Innate Abilities, Weirdness & Mutations

You have a pair of horns on your head.
You reflexively headbutt those who attack you in melee.


Message History

The howler monkey hoots and howls with incredible vigour!
You sock the hound! You freeze the hound.
You kill the hound!
Makhleb accepts your kill.
A wight comes into view. It is wielding a +0 spear.
The howler monkey hoots and howls with incredible vigour!
You hear a shout!
The howler monkey hits you but does no damage.
The wight hits you with a +0 spear.
* * * LOW HITPOINT WARNING * * *
You feel drained.
* * * LOW HITPOINT WARNING * * *
A wight comes into view. It is wielding a +0 flail.
The howler monkey hits you but does no damage.
Things that are here:
a +4 battleaxe; a +0 robe You barely miss the howler monkey.
Your headbutt misses the howler monkey. The wight hits you with a +0 spear.
* * * LOW HITPOINT WARNING * * *
You feel drained.
* * * LOW HITPOINT WARNING * * *
You block the howler monkey's attack. You block the wight's attack.
You sock the howler monkey! You freeze the howler monkey.
You kill the howler monkey!
Makhleb accepts your kill. The wight hits you with a +0 spear.
* * * LOW HITPOINT WARNING * * *
The wight hits you but does no damage.
Aiming: Throw Flame
Press: ? - help, Q - select action, (/) - cycle Shift-Dir - straight line, f - wight
Aim: a wight, wielding a +0 flail and wearing a +0 robe (68% to hit)
The puff of flame misses the wight.
The wight hits you but does no damage. You block the wight's attack.
Aiming: Throw Flame
Press: ? - help, Q - select action, (/) - cycle Shift-Dir - straight line, f/p - wight
Aim: a wight, wielding a +0 flail and wearing a +0 robe (68% to hit)
The puff of flame hits the wight!
The wight is heavily damaged.
The wight hits you but does no damage. The wight hits you with a +0 flail.
You die...

.. #.# # #..... . .
#.####.##.....
#z####......##....# #
........########..# #.
....##..# #..# #..
###.##$.# #..# . ..
#.....########...
....#.###z##.............
"......z@........#####.##
...#########...........#
#############


You could see 2 wights.

Vanquished Creatures
  Grinder (D:6)
  A steam dragon (D:6)
  A black bear (D:7)
  2 ice beasts
  3 sky beasts
  2 ogres (D:4)
  2 centaurs
  A phantom (D:3)
  A kobold brigand (D:7)
  A bullfrog (D:6)
  2 scorpions (D:5)
  6 wights
  2 howler monkeys
  2 bombardier beetles
  6 hounds
  2 orc priests
  2 jellies
  A sleepcap (D:6)
  4 iguanas
  7 orc wizards
  Robin (D:4)
  6 adders
  A river rat (D:3)
  A shadow imp (D:7)
  A dart slug (D:4)
  3 ribbon worms
  17 orcs
  6 bats
  5 endoplasms
  6 giant cockroaches
  5 hobgoblins
  A jackal (D:4)
  14 kobolds
  3 quokkas
  9 ball pythons
  4 frilled lizards
  13 goblins
  9 rats
154 creatures vanquished.

Vanquished Creatures (others)
  2 kobolds (D:7)
2 creatures vanquished.

Grand Total: 156 creatures vanquished

Notes
Turn   | Place    | Note
-------+----------+-------------------------------------------
     0 | D:1      | luckylaki the Minotaur Fighter began the quest for the Orb.
     0 | D:1      | Reached XP level 1. HP: 19/19 MP: 0/0
   180 | D:1      | Reached XP level 2. HP: 27/27 MP: 1/1
   747 | D:1      | Reached skill level 3 in Polearms
  1309 | D:2      | Found a hide-covered altar of Uskayaw.
  1395 | D:2      | Reached XP level 3. HP: 29/31 MP: 2/2
  1996 | D:2      | Became a worshipper of Uskayaw the Reveller
  2138 | D:3      | Reached * piety under Uskayaw
  2146 | D:3      | Reached ** piety under Uskayaw
  2159 | D:3      | Reached *** piety under Uskayaw
  2173 | D:3      | Reached XP level 4. HP: 26/40 MP: 3/3
  2187 | D:3      | Noticed a centaur
  2214 | D:3      | Killed a centaur
  2215 | D:3      | Reached skill level 4 in Polearms
  2215 | D:3      | Reached skill level 1 in Stealth
  2215 | D:3      | Reached XP level 5. HP: 6/46 MP: 4/4
  2648 | D:3      | Noticed a phantom
  2654 | D:3      | Killed a phantom
  2655 | D:3      | Reached skill level 5 in Polearms
  2655 | D:3      | Reached XP level 6. HP: 53/53 MP: 5/5
  2986 | D:4      | Reached skill level 5 in Armour
  3014 | D:4      | Reached skill level 6 in Polearms
  3515 | D:4      | Noticed Robin
  3533 | D:4      | Killed Robin
  3538 | D:4      | Reached XP level 7. HP: 59/60 MP: 6/6
  3580 | D:4      | Found a hazy altar of Hepliaklqana.
  3629 | D:4      | Reached skill level 5 in Fighting
  3708 | D:4      | Found an opulent altar of Gozag.
  4270 | D:5      | Entered Level 5 of the Dungeon
  4338 | D:5      | Reached skill level 5 in Shields
  4643 | D:5      | Reached skill level 7 in Polearms
  5043 | D:5      | Reached XP level 8. HP: 58/69 MP: 7/7
  5060 | D:5      | Found a shimmering blue altar of Sif Muna.
  5594 | D:6      | Reached skill level 8 in Polearms
  5609 | D:6      | Noticed Grinder
  5616 | D:6      | Killed Grinder
  5617 | D:6      | Reached skill level 1 in Dodging
  5924 | D:6      | Reached **** piety under Uskayaw
  6168 | D:6      | Reached skill level 9 in Polearms
  6260 | D:6      | Reached XP level 9. HP: 51/77 MP: 8/8
  6704 | D:6      | Reached skill level 1 in Maces & Flails
  6978 | D:7      | Identified the +6 ring mail "Serao" {Harm Str-3 Int+4
                  | Stlth+}
  7326 | D:7      | Found a staircase to the Ecumenical Temple.
  7333 | Temple   | Entered the Ecumenical Temple
  7662 | Temple   | Fell from the grace of Uskayaw
  7663 | Temple   | Became a worshipper of Makhleb the Destroyer
  7740 | D:7      | Noticed Joseph
  7814 | D:7      | HP: 3/75 [wight/+0 spear (3)]
  7816 | D:7      | Slain by a wight

Illustrated notes

Levels and vault maps discovered:
D:1:      dpeg_arrival_pits, layout_basic
D:2:      layout_loops_cross, basic_altar, mrwooster_statue_mirror
D:3:      layout_rooms, portal_sewer_entry_e
D:4:      layout_basic, nicolae_hepliaklqana_hippocampus,
          nicolae_gozag_seed_capital, minmay_bent, uniq_robin
D:5:      layout_loops_corners, mainiacjoe_overflow_brackets
D:6:      layout_basic, kennysheep_nub, uniq_grinder
D:7:      layout_loops_ring, temple_green, lemuel_flame_loot_1, uniq_joseph
Temple:   nicolae_temple_slightly_damp_pantheon

Skill      XL: |  1  2  3  4  5  6  7  8  9 |
---------------+----------------------------+-----
Armour         | 4 5 6 8 |  8.7
Polearms       | 3 4 5 6 7 9 |  9.1
Fighting       | 4 5 6 |  6.7
Stealth        | 1 2 |  2.0
Shields        | 4 5 6 7 |  7.2
Dodging        | 1 |  1.3
Maces & Flails | 3 |  3.9

Action                     |  1- 3 |  4- 6 |  7- 9 || total
---------------------------+-------+-------+-------++-------
  Melee: Trident           |    96 |   139 |   141 ||   376
         Headbutt          |     7 |    22 |    35 ||    64
         Flail             |       |       |   106 ||   106
         Unarmed           |       |       |     3 ||     3
 Invoke: Renounce Religion |       |       |     1 ||     1
  Evoke: Wand              |       |       |     2 ||     2
    Use: Potion            |       |       |     1 ||     1
   Stab: Paralysed         |       |     2 |     3 ||     5
 Armour: Scale mail        |    13 |       |       ||    13
         Chain mail        |    31 |       |       ||    31
         Plate armour      |    51 |   132 |   171 ||   354
         Skin              |       |       |     3 ||     3
  Dodge: Dodged            |    29 |    47 |    46 ||   122
  Block: Buckler           |    20 |    40 |   132 ||   192
         Reflection        |       |     5 |     3 ||     8
